AoeStats
← ChristopheG1970.Fr

Arena

510713987Analyzed
4v4 RM · 21h ago on Oct 2, 2026· 44m 13s· 8 players
Game mode
Random Map
Map size
Large (8 player)
Population
200
Speed
Normal
Resources
Standard
Victory
Conquest
Starting age
Dark Age
Ending age
Imperial Age
RankedLock teamsTeams togetherTeam positionsShared explorationLock speedFull tech treeHidden civsTurbo modeCheats
Victory
Defeat
🇬🇧 Wu · United Kingdom
877
+14
🇬🇧 Slavs · United Kingdom
862
+15
🇫🇷 Italians · France
792
+18
🇺🇸 Goths · United States
727
+21
🇭🇰 Persians · Hong Kong SAR China
900
-20
🇨🇳 Persians · China
829
-17
🇭🇰 Mongols · Hong Kong SAR China
811
-16
🇪🇸 Burgundians · Spain
793
-15
Casy2210
10:34 Feudal Age
8:49 Loom
16:48 Castle Age
16:19 Horse Collar
16:27 Double-Bit Axe
17:05 Heavy Plow
19:29 Loom
22:24 Light Cavalry
27:33 Forging
28:30 Fletching
28:41 Padded Archer Armor
28:48 Scale Barding Armor
30:23 Iron Casting
31:07 Elite Skirmisher
35:35 Imperial Age
33:39 Chain Barding Armor
33:16 Bodkin Arrow
33:37 Leather Archer Armor
35:32 Ballistics
36:23 Hussar
38:30 Bracer
39:42 Blast Furnace
39:25 Plate Barding Armor
41:13 Chemistry
40:11 Murder Holes
旺旺
10:58 Feudal Age
11:30 Double-Bit Axe
18:50 Castle Age
16:53 Stone Mining
16:45 Horse Collar
17:39 Gold Mining
19:33 Heavy Plow
19:48 Bow Saw
26:47 Imperial Age
25:29 Wheelbarrow
27:26 Arson
27:42 Squires
27:02 Pikeman
29:13 Halberdier
30:16 Scale Barding Armor
30:22 Forging
30:13 Scale Mail Armor
34:45 Chain Barding Armor
36:14 Chain Mail Armor
星河船泊
0:45 Loom
3:36 Loom
4:17 Loom
4:26 Loom
5:26 Loom
9:19 Feudal Age
11:37 Loom
12:28 Wheelbarrow
13:31 Double-Bit Axe
13:29 Horse Collar
20:29 Castle Age
18:34 Stone Mining
19:43 Gold Mining
22:08 Stone Shaft Mining
23:20 Bow Saw
23:13 Heavy Plow
24:28 Gold Shaft Mining
24:02 Fletching
24:24 Forging
26:17 Scale Barding Armor
32:40 Imperial Age
31:36 Bodkin Arrow
32:16 Iron Casting
32:42 Hand Cart
33:28 Conscription
35:07 Blast Furnace
34:28 Chain Barding Armor
33:47 Heavy Scorpion
34:18 Town Watch
35:14 Hoardings
37:28 Plate Barding Armor
36:54 Padded Archer Armor
38:41 Elite War Elephant
39:46 Masonry
40:52 Chemistry
40:14 Ballistics
42:54 Devotion
215825245
17:06 Loom
28:02 Feudal Age
34:04 Castle Age
Piping Hot Monkey Toilet
0:29 Loom
13:03 Feudal Age
14:29 Wheelbarrow
14:16 Horse Collar
14:25 Double-Bit Axe
14:35 Gold Mining
14:44 Stone Mining
21:07 Castle Age
23:10 Stone Shaft Mining
22:37 Heavy Plow
22:52 Bow Saw
23:13 Hand Cart
34:00 Imperial Age
31:46 Forging
31:36 Scale Mail Armor
33:05 Pikeman
33:45 Squires
33:57 Anarchy
34:48 Iron Casting
34:30 Chain Mail Armor
34:38 Ballistics
34:13 Murder Holes
34:29 Masonry
34:00 Treadmill Crane
34:05 Elite Huskarl
35:11 Conscription
35:19 Perfusion
34:49 Man-at-Arms
36:12 Caravan
36:43 Coinage
36:24 Guilds
ChristopheG1970.Fr
1:38 Loom
12:28 Feudal Age
13:05 Double-Bit Axe
18:28 Castle Age
17:24 Padded Archer Armor
17:21 Stone Mining
17:52 Gold Mining
18:34 Fletching
19:50 Wheelbarrow
19:59 Stone Shaft Mining
19:43 Thumb Ring
20:56 Fervor
22:16 Bow Saw
23:43 Fortified Wall
25:15 Bodkin Arrow
28:57 Ballistics
29:12 Town Watch
29:52 Horse Collar
39:27 Imperial Age
37:15 Hand Cart
39:14 Sanctity
39:31 Elite Genoese Crossbowman
40:19 Bracer
41:27 Chemistry
43:03 Block Printing
43:16 Illumination
43:27 Leather Archer Armor
ForzaGT87
0:29 Loom
10:37 Feudal Age
11:12 Double-Bit Axe
11:15 Town Watch
12:12 Gold Mining
12:36 Horse Collar
20:11 Castle Age
18:51 Stone Mining
19:16 Forging
19:54 Scale Mail Armor
20:52 Heavy Plow
21:06 Bow Saw
22:38 Gold Shaft Mining
23:13 Stone Shaft Mining
24:03 Caravan
26:08 Wheelbarrow
26:37 Iron Casting
26:30 Chain Mail Armor
27:15 Padded Archer Armor
27:05 Fletching
27:33 Arson
27:53 Squires
28:46 Masonry
32:32 Imperial Age
31:13 Bodkin Arrow
31:46 Pikeman
33:57 Conscription
34:44 Blast Furnace
34:15 Plate Mail Armor
35:21 Leather Archer Armor
35:07 Bracer
36:39 Halberdier
39:04 Chemistry
38:25 Ballistics
40:21 Elite Fire Archer
41:04 Sitting Tiger
Paul Chuckle
0:28 Loom
10:14 Feudal Age
10:39 Horse Collar
10:48 Double-Bit Axe
20:49 Castle Age
18:53 Stone Mining
18:58 Gold Mining
21:03 Wheelbarrow
20:16 Town Watch
22:06 Bow Saw
22:02 Heavy Plow
26:55 Pikeman
29:41 Sanctity
34:25 Imperial Age
32:05 Squires
32:57 Forging
32:48 Scale Mail Armor
35:14 Iron Casting
34:55 Chain Mail Armor
34:30 Fletching
35:50 Crop Rotation
36:01 Gold Shaft Mining
36:02 Conscription
35:57 Halberdier
39:17 Druzhina
40:27 Caravan
42:31 Ballistics
43:23 Two-Man Saw
43:25 Bodkin Arrow
43:31 Padded Archer Armor
44:35 Blast Furnace
43:42 Scale Barding Armor
44:24 Hand Cart
Connection lost

Rejoining the realm…

Still unreachable

The connection could not be restored.

Session expired

The server has moved on; the page needs a fresh start.